cohdb
Replays
Latest Replays
All Replays
Popular Replays
Top Player Replays
Match Explorer
How It Works
Community
CoH3 Stats
Reddit
Sign in to upload your games and track your stats! →
Sign in with Steam
Match 43479183
Unlisted
Match 43479183
Overview
Messages
Build Orders
End
Construct Infanterie Kompanie
MG 42 Machine Gun Team
Selects Terror Battlegroup
Selects Machine Gun Camouflage
Grenadier Squad
Construct Panzergrenadier Kompanie
Panzergrenadier Squad
251 Medium Carrier
Selects Contempt for the Weak
Panzergrenadier Officer Quarters
Panzergrenadier Squad
Pak 40 Anti-tank Gun Team
Medical Station
Selects Jericho Trumpet
Panzergrenadier Squad
Construct Panzer Kompanie
Jericho Trumpet
kenleung
Erwin Rommel
[EOG]army3945
SmoSkeY
0
0
Comments
sign in to comment!
No comments posted yet!